Map: Pride of Altaris LE

Players

tommygun

  • Race: Zerg Zerg
  • League: Diamond

Kratos - Winner!

  • Race: Protoss Protoss
  • League: Diamond

VOD

Have the link to the VOD?

Description

Time

  • Played on: March 6, 2022, 3:20 p.m.
  • Length: 24:04
Show
View Real Time Build Order
Export as new Build Order

tommygun Zerg 

Build Orders: Pool First, Lurkers 

Get SALT Encoding   

  12  0:00  Drone  
  13  0:09  Drone  
  14  0:16  Extractor  
  14  0:17  Drone  
  15  0:31  Spawning Pool  
  14  0:41  Extractor  
  14  0:42  Drone  
  14  0:45  Overlord  
  15  1:04  Drone  
  15  1:05  Drone  
  17  1:18  Hatchery, Zergling x2  
  16  1:19  Zergling x2  
  18  1:26  Zergling x2  
  19  1:35  Extractor, Queen  
  20  1:49  Drone  
  20  1:50  Drone  
  22  2:07  Overlord  
  22  2:19  Hatchery  
  22  2:21  Drone  
  22  2:30  Zergling x2  
  24  2:44  Drone x2  
  24  2:45  Drone  
  24  2:48  Metabolic Boost  
  24  3:05  Drone x3  
  27  3:10  Drone  
  28  3:21  Overlord  
  28  3:23  Queen  
  29  3:31  Drone x3  
  29  3:33  Queen  
  33  3:54  Hatchery  
  32  3:56  Drone x3  
  35  4:18  Drone x5  
  35  4:20  Queen  
  35  4:23  Overlord  
  42  4:36  Drone  
  42  4:37  Evolution Chamber, Overlord  
  42  4:40  Queen  
  44  4:53  Drone  
  44  4:54  Roach Warren  
  44  4:57  Drone x2  
  44  4:58  Extractor, Spore Crawler  
  44  4:59  Extractor  
  43  5:02  Drone, Spore Crawler  
  43  5:08  Queen  
  43  5:10  Drone x3  
  43  5:11  Drone x3  
  43  5:13  Drone  
  52  5:14  Drone  
  53  5:24  Zerg Melee Weapons Level 1  
  53  5:26  Zergling x2  
  53  5:27  Zergling x6  
  57  5:28  Overlord  
  57  5:37  Overlord x2  
  57  5:47  Zergling x12  
  63  6:02  Lair  
  63  6:14  Drone  
  63  6:15  Extractor  
  61  6:36  Roach  
  61  6:37  Roach x10  
  61  6:39  Overlord  
  81  6:40  Overlord  
  81  6:42  Overlord x2  
  81  6:56  Overlord x2  
  81  6:58  Ravager  
  81  6:59  Ravager x6  
  88  7:04  Zergling x14  
  88  7:08  Drone x2  
  97  7:10  Drone  
  97  7:11  Drone x2  
  97  7:12  Drone  
  101  7:20  Zergling x8  
  101  7:21  Zergling x6  
  108  7:29  Zerg Missile Weapons Level 1  
  108  7:32  Ravager x2  
  108  7:35  Zergling x6  
  113  7:37  Ravager  
  98  8:03  Drone x5  
  98  8:04  Drone  
  97  8:11  Drone x9  
  106  8:17  Drone  
  96  8:34  Drone x4  
  96  8:35  Drone x3  
  103  8:47  Hydralisk Den  
  103  8:48  Glial Reconstitution  
  102  8:50  Drone x4, Hatchery  
  105  9:08  Spore Crawler  
  104  9:12  Drone x2, Extractor, Spore Crawler  
  104  9:13  Drone x4, Extractor  
  104  9:14  Drone x2  
  104  9:16  Roach x8  
  125  9:33  Overseer  
  125  9:42  Drone x2, Lurker Den  
  125  9:43  Infestation Pit  
  125  9:47  Zerg Missile Weapons Level 2  
  125  9:49  Grooved Spines  
  125  9:50  Drone  
  125  9:51  Drone x4  
  130  10:06  Queen  
  130  10:10  Extractor x2, Spore Crawler  
  130  10:11  Roach x3  
  130  10:12  Overlord  
  130  10:13  Overlord x2  
  135  10:15  Pneumatized Carapace  
  135  10:17  Drone, Overlord  
  135  10:18  Overlord  
  135  10:19  Hive  
  135  10:20  Overlord  
  136  10:38  Drone x3  
  136  10:39  Drone x2  
  136  10:41  Roach  
  136  10:42  Roach x9  
  161  10:44  Ravager  
  161  10:45  Ravager  
  161  10:49  Drone x5  
  169  10:50  Drone  
  169  11:01  Muscular Augments  
  165  11:24  Spire  
  142  11:30  Hydralisk  
  142  11:31  Hydralisk x10  
  164  11:35  Viper x4  
  175  11:57  Hatchery  
  168  12:01  Hatchery  
  168  12:05  Lurker  
  168  12:06  Lurker x6  
  168  12:08  Zergling x26  
  163  12:09  Zergling x20  
  163  12:13  Lurker  
  179  12:21  Zerg Melee Weapons Level 2  
  179  12:24  Adaptive Talons  
  179  12:33  Overlord  
  179  12:38  Lurker  
  179  12:39  Lurker  
  179  12:42  Lurker  
  182  12:58  Greater Spire  
  182  13:21  Adrenal Glands, Seismic Spines  
  182  13:29  Ravager x5  
  146  14:15  Hydralisk x11  
  168  14:17  Roach  
  168  14:18  Roach x8  
  178  14:45  Lurker  
  178  14:46  Lurker x9  
  178  14:47  Overlord x2  
  178  14:48  Overlord x2  
  122  15:18  Hydralisk x10  
  122  15:19  Hydralisk x4  
  147  15:23  Drone  
  147  15:24  Drone x4  
  152  15:38  Viper x3  
  161  15:47  Extractor  
  160  15:50  Spore Crawler  
  160  15:51  Extractor  
  134  16:34  Corruptor x2  
  134  16:35  Corruptor x6  
  134  16:39  Roach  
  140  16:40  Roach x20  
  177  16:47  Drone x3  
  177  16:53  Zergling x34  
  177  16:54  Zergling x2  
  197  17:06  Brood Lord x2, Extractor  
  197  17:07  Overlord  
  197  17:08  Overlord  
  200  17:09  Extractor  
  199  17:18  Overlord  
  199  17:19  Overlord  
  189  17:42  Brood Lord x5  
  195  17:59  Brood Lord  
  195  18:03  Zerg Flyer Weapons Level 1  
  193  18:07  Lurker  
  193  18:08  Lurker x6  
  200  18:26  Zerg Missile Weapons Level 3  
  162  19:18  Drone x4  
  166  19:45  Drone x3, Hatchery  
  168  19:46  Corruptor x3  
  168  19:47  Corruptor x2  
  178  19:55  Lurker Den  
  105  20:28  Zergling x2  
  105  20:29  Zergling x32  
  105  20:32  Brood Lord  
  105  20:34  Brood Lord x4  
  120  20:43  Roach x4  
  120  20:44  Roach x8  
  120  20:45  Viper x4  
  146  21:01  Corruptor x2  
  146  21:02  Corruptor x3  
  156  21:07  Ravager x10  
  156  21:09  Overlord x3  
  166  21:15  Drone  
  167  21:22  Hydralisk x2  
  167  21:23  Hydralisk x4, Hatchery  
  178  21:33  Brood Lord  
  179  21:50  Ultralisk Cavern  
  131  22:21  Hydralisk  
  131  22:22  Hydralisk x18  
  128  22:42  Hatchery  
  127  22:46  Extractor, Hatchery  
  127  22:50  Extractor  
  120  23:29  Corruptor  
  120  23:30  Corruptor x9  
Show
View Real Time Build Order
Export as new Build Order

Kratos Protoss - Winner!

Build Orders:  

Get SALT Encoding   

  12  0:00  Probe  
  13  0:12  Probe  
  14  0:19  Pylon  
  14  0:24  Probe  
  15  0:37  Probe (Chrono Boost)  
  16  0:43  Gateway  
  16  0:47  Probe (Chrono Boost)  
  17  0:52  Assimilator, Probe (Chrono Boost)  
  18  1:04  Probe  
  19  1:16  Probe  
  20  1:24  Forge  
  20  1:25  Gateway  
  20  1:27  Pylon  
  20  1:30  Probe  
  21  1:33  Zealot  
  23  1:41  Assimilator  
  23  1:45  Probe  
  23  1:57  Photon Cannon  
  23  2:02  Cybernetics Core  
  24  2:14  Photon Cannon  
  23  2:16  Probe  
  24  2:28  Probe  
  25  2:39  Stalker  
  25  2:40  Probe, Warp Gate  
  28  2:44  Shield Battery  
  28  2:52  Probe  
  29  3:04  Probe  
  30  3:17  Probe  
  31  3:21  Pylon  
  31  3:38  Nexus  
  31  3:39  Stalker x2, Probe  
  36  3:51  Probe  
  37  3:57  Pylon  
  37  4:03  Probe (Chrono Boost)  
  37  4:06  Robotics Facility  
  38  4:16  Probe (Chrono Boost)  
  39  4:18  Pylon  
  39  4:21  Probe (Chrono Boost)  
  40  4:28  Pylon  
  40  4:30  Probe (Chrono Boost)  
  41  4:32  Twilight Council  
  41  4:34  Sentry  
  41  4:36  Sentry  
  45  4:42  Probe (Chrono Boost)  
  46  4:52  Probe (Chrono Boost)  
  48  4:54  Probe (Chrono Boost), Observer  
  50  5:01  Probe x2 (Chrono Boost)  
  50  5:06  Probe (Chrono Boost)  
  51  5:08  Charge, Probe  
  53  5:14  Nexus  
  53  5:18  Probe  
  54  5:25  Probe, Pylon  
  55  5:29  Immortal  
  59  5:39  Stalker  
  59  5:40  Stalker, Probe (Chrono Boost)  
  59  5:41  Probe (Chrono Boost)  
  66  5:50  Assimilator  
  66  5:51  Probe (Chrono Boost)  
  66  5:52  Assimilator  
  66  5:53  Probe (Chrono Boost)  
  66  5:56  Probe (Chrono Boost)  
  67  6:01  Probe  
  67  6:03  Adept x2  
  73  6:12  Probe  
  73  6:13  Probe  
  73  6:14  Immortal  
  79  6:24  Probe  
  79  6:29  Adept x2  
  79  6:30  Probe x2  
  80  6:36  Probe  
  81  6:43  Probe (Chrono Boost)  
  82  6:48  Probe x2 (Chrono Boost)  
  85  6:54  Stalker x2  
  85  6:55  Probe (Chrono Boost)  
  85  6:59  Probe (Chrono Boost)  
  85  7:00  Probe (Chrono Boost)  
  91  7:01  Probe (Chrono Boost)  
  91  7:03  Probe (Chrono Boost), Forge  
  91  7:04  Forge  
  91  7:05  Probe  
  94  7:09  Probe  
  95  7:21  Probe x2  
  95  7:22  Stalker x2  
  101  7:26  Shield Battery  
  101  7:29  Pylon  
  101  7:31  Assimilator  
  101  7:32  Gateway  
  101  7:34  Gateway  
  101  7:36  Assimilator  
  80  7:53  Immortal (Chrono Boost)  
  80  7:54  Stalker x2  
  64  8:07  Blink  
  62  8:16  Probe x2  
  62  8:18  Stalker x2  
  66  8:27  Stalker  
  60  8:34  Probe  
  60  8:35  Stalker  
  60  8:36  Immortal (Chrono Boost)  
  60  8:38  Probe  
  68  8:46  Probe  
  69  8:54  Pylon  
  69  8:56  Pylon  
  69  8:57  Robotics Bay, Pylon  
  69  8:59  Stalker x2  
  69  9:00  Stalker, Sentry  
  77  9:04  Gateway  
  77  9:06  Gateway  
  77  9:10  Pylon  
  77  9:12  Immortal (Chrono Boost)  
  77  9:15  Pylon  
  81  9:23  Stalker  
  83  9:24  Stalker  
  83  9:29  Nexus, Stalker  
  83  9:30  Pylon  
  83  9:31  Protoss Ground Armor Level 1 (Chrono Boost), Protoss Ground Weapons Level 1 (Chrono Boost)  
  87  9:33  Pylon  
  87  9:35  Shield Battery  
  87  9:37  Probe  
  87  9:47  Disruptor  
  87  9:50  Probe  
  87  9:51  Probe  
  92  10:02  Zealot x2  
  92  10:03  Sentry x2  
  100  10:07  Probe x2  
  102  10:19  Probe  
  103  10:22  Nexus  
  103  10:25  Pylon  
  103  10:29  Probe  
  103  10:31  Probe  
  103  10:32  Disruptor  
  108  10:41  Probe  
  109  10:44  Zealot x3  
  115  10:54  Assimilator  
  115  10:56  Assimilator  
  117  10:57  Probe x2 (Chrono Boost)  
  117  11:03  Probe (Chrono Boost)  
  118  11:08  Gateway x2  
  117  11:13  Disruptor  
  106  11:30  Gateway  
  106  11:32  Stalker, Gateway  
  106  11:33  Stalker x4  
  106  11:35  Probe x2  
  106  11:36  Probe  
  119  11:46  Zealot  
  121  11:48  Probe  
  121  11:49  Probe  
  121  12:07  Protoss Ground Weapons Level 2 (Chrono Boost)  
  113  12:08  Nexus  
  113  12:10  Colossus  
  113  12:12  Protoss Ground Armor Level 2 (Chrono Boost)  
  119  12:19  Probe (Chrono Boost)  
  122  12:23  Probe x2 (Chrono Boost)  
  122  12:26  Nexus  
  122  12:29  Pylon  
  122  12:31  Pylon  
  122  12:33  Zealot  
  122  12:34  Zealot x2  
  128  12:41  Templar Archives  
  128  12:42  Stalker  
  130  12:55  Probe x2  
  130  12:58  Probe, Pylon  
  133  13:00  Shield Battery  
  133  13:07  Probe x2  
  133  13:11  Gateway  
  133  13:12  Colossus  
  141  13:14  Gateway  
  141  13:18  Extended Thermal Lance  
  141  13:19  High Templar x2  
  145  13:20  High Templar  
  145  13:21  High Templar  
  145  13:23  Archon  
  145  13:25  Archon  
  149  13:27  Assimilator  
  149  13:29  Probe x2  
  149  13:31  Assimilator  
  151  13:46  Nexus  
  149  13:58  Zealot x3  
  149  13:59  Zealot x6  
  165  14:06  Observer (Chrono Boost)  
  134  14:23  Observer (Chrono Boost)  
  133  14:28  High Templar  
  133  14:29  High Templar x6  
  133  14:30  High Templar x3  
  145  14:41  Archon x3  
  145  14:42  Archon x2  
  145  14:44  Protoss Ground Weapons Level 3 (Chrono Boost)  
  145  14:45  Protoss Ground Armor Level 3 (Chrono Boost)  
  142  14:47  Zealot  
  132  15:04  Zealot  
  132  15:05  Zealot x9  
  133  15:15  Probe x4  
  137  15:28  Nexus  
  137  15:30  High Templar  
  137  15:31  High Templar x3, Pylon  
  137  15:32  Zealot x7  
  137  15:33  Probe x4  
  137  15:34  Pylon  
  163  15:46  Pylon x2  
  163  15:47  Gateway  
  163  15:49  Gateway  
  163  15:50  Gateway  
  163  15:52  Disruptor  
  163  15:54  Robotics Facility  
  163  15:55  Archon  
  163  15:56  Robotics Facility, Archon  
  166  16:06  Probe x2  
  164  16:11  Photon Cannon  
  164  16:13  Photon Cannon  
  164  16:15  Zealot x2  
  164  16:16  Zealot  
  170  16:22  Shield Battery  
  170  16:24  Shield Battery  
  146  16:37  Disruptor  
  139  16:48  Photon Cannon  
  139  16:49  Gateway  
  139  16:51  Photon Cannon  
  139  16:52  Gateway x2  
  139  16:53  Shield Battery, Photon Cannon x2  
  139  16:54  Shield Battery  
  139  16:57  Assimilator  
  139  16:58  Pylon  
  139  16:59  Probe x2  
  139  17:01  Assimilator, Pylon  
  141  17:13  Disruptor  
  144  17:17  Disruptor x2  
  144  17:21  High Templar  
  144  17:22  High Templar x3  
  158  17:23  High Templar x2  
  158  17:24  Zealot x6  
  158  17:27  Archon x3  
  174  17:46  Gateway  
  174  17:47  Gateway  
  174  17:48  Disruptor  
  174  17:49  Gateway  
  174  17:51  Gateway, Zealot x3  
  177  17:52  Zealot  
  177  17:54  Stargate x2  
  177  17:56  Stargate  
  185  18:05  High Templar x2  
  187  18:06  High Templar x2  
  187  18:07  Zealot x3  
  187  18:09  Archon  
  187  18:10  Archon  
  170  19:04  Protoss Shields Level 1 (Chrono Boost), Fleet Beacon  
  141  19:30  High Templar x2  
  120  19:31  Stalker x2  
  120  19:32  Stalker x6  
  120  19:33  Stalker x5  
  120  19:34  Stalker  
  120  19:35  Archon  
  148  19:40  Disruptor x3 (Chrono Boost)  
  148  19:42  Carrier  
  148  19:43  Carrier  
  157  19:47  Nexus  
  157  19:48  Pylon  
  157  19:51  Protoss Air Weapons Level 1 (Chrono Boost), Pylon  
  169  19:55  Pylon  
  169  19:58  Zealot x10  
  169  19:59  Zealot x5  
  127  20:29  Stalker x3  
  127  20:30  Stalker x4  
  127  20:31  Stalker x2  
  127  20:32  Stalker  
  136  20:48  Disruptor x3  
  143  21:00  Zealot x5  
  143  21:01  Zealot x4  
  143  21:03  Assimilator  
  161  21:05  Assimilator  
  161  21:18  Photon Cannon  
  161  21:21  Photon Cannon  
  161  21:24  Photon Cannon  
  161  21:25  Shield Battery  
  161  21:28  Disruptor  
  161  21:29  Observer x2  
  161  21:31  Shield Battery  
  166  21:49  Disruptor  
  166  21:50  High Templar x2  
  166  21:51  High Templar x2  
  167  22:07  Archon  
  167  22:08  Archon  
  130  22:20  Stalker x4  
  130  22:21  Stalker x2  
  130  22:22  Stalker x2  
  131  22:23  Zealot x2  
  131  22:24  Zealot x4  
  130  23:08  Zealot x8  
  130  23:09  Zealot x8  
Tags
 
Add a new tag
Caveats
  • Supply blocks, unpowered buildings, or Contaminate may cause inaccurate times.
  • Supply counts are checked every 10 seconds.